 Dungeon Crawl Stone Soup version 0.31-a0-1068-g5939ac1fb6 (webtiles) character file.

Game seed: 12040512697714905915

8 Chiseanne the Trooper (level 2, 24/24 HPs)
             Began as a Demonspawn Wanderer on Nov 24, 2023.
             Quit the game on level 1 of the Dungeon.
             The game lasted 00:00:35 (184 turns).

Chiseanne the Trooper (Demonspawn Wanderer)          Turns: 184, Time: 00:00:35

Health: 24/24      AC:  3    Str: 11    XL:     2   Next: 0%
Magic:  5/5        EV: 11    Int: 15    God:
Gold:   19         SH:  0    Dex: 11    Spells: 5/5 levels left

rFire   . . .        a - +0 hand axe
rCold   . . .        (no shield)
rNeg    . . .        f - +0 leather armour
rPois   .            (no helmet)
rElec   .            (no cloak)
rCorr   .            (no gloves)
SInv    .            (no boots)
Will    .....        (no amulet)
Stlth   +            (no ring)
HPRegen 0.24/turn    (no ring)
MPRegen 0.09/turn

%: no passive effects
@: no status effects
A: weakness stinger 1
a: no special abilities


You were on level 1 of the Dungeon.
You visited 1 branch of the dungeon, and saw 1 of its levels.

You collected 19 gold pieces.

Inventory:

Hand Weapons
 a - a +0 hand axe (weapon)
Missiles
 e - 7 stones
Armour
 f - a +0 leather armour (worn)
Scrolls
 b - 2 scrolls of fear
 d - a scroll of teleportation


   Skills:
 * Level 3.3 Fighting
 * Level 1.4 Dodging
 - Level 1.0 Stealth
 - Level 2.0 Spellcasting
 - Level 1.0 Summonings
 - Level 2.1 Necromancy


You had 5 spell levels left.
You didn't know any spells.
Your spell library contained the following spells:

 Spells                   Type           Power      Damage    Failure   Level
 Necrotise                Necr           32%        1d5       12%         1
 Kiss of Death            Conj/Necr      16%        2d6       19%         1
 Summon Small Mammal      Summ           16%        N/A       19%         1
 Call Canine Familiar     Summ           4%         N/A       50%         3
 Summon Guardian Golem    Hex/Summ       3%         N/A       56%         3
 Anguish                  Hex/Necr       2%         N/A       88%         4


Dungeon Overview and Level Annotations

Branches:
Dungeon (1/15)

Altars:


Innate Abilities, Weirdness & Mutations

You have a small tail.


Message History

You hit the giant cockroach but do no damage.
The giant cockroach bites you. x2
* * * LOW HITPOINT WARNING * * *
You hit the giant cockroach but do no damage.
The bat hits you.
* * * LOW HITPOINT WARNING * * *
The giant cockroach bites you but does no damage.
You hit the giant cockroach.
The giant cockroach is severely wounded.
The bat closely misses you. The giant cockroach barely misses you.
The giant cockroach closely misses you.
You closely miss the giant cockroach.
The giant cockroach is severely wounded.
The bat barely misses you. The giant cockroach barely misses you.
The giant cockroach closely misses you.
You hit the giant cockroach.
You kill the giant cockroach!
You hit the bat.
You kill the bat!
Found a leather armour.
e - 7 stones You see here a +0 leather armour.
f - a +0 leather armour You start removing your armour.
You continue taking off your +0 robe. x4
You finish taking off your +0 robe.
You start putting on your armour.
You continue putting on your +0 leather armour. x5
You finish putting on your +0 leather armour.
You drop a +0 robe.
A kobold comes into view. It is wielding a +0 whip.
Found 4 stones.
You hit the kobold.
The kobold is moderately wounded.
The kobold closely misses you.
You slash the kobold!
You kill the kobold!
You have reached level 2!
Your demonic ancestry asserts itself...
You grow a small tail.
Are you sure you want to abandon this character and quit the game? (Confirm with "yes".)

#####......#
...........# .#
........#+## .#
....†...#.# ..#
.....)..#.# ..#
........#.# ...#
........#.##### #...##.
..............###.......
###.............@).....(
#...........###.......
#...........# .......
#.........[.# .......
#...........# .......
#...........# .......
#...........# .......
#...........# .......
############


There were no monsters in sight!

Vanquished Creatures
  2 giant cockroaches (D:1)
  2 goblins (D:1)
  A ball python (D:1)
  A bat (D:1)
  A kobold (D:1)
  A rat (D:1)
8 creatures vanquished.

Notes
Turn   | Place    | Note
-------+----------+-------------------------------------------
     0 | D:1      | Chiseanne the Demonspawn Wanderer began the quest for the
                  | Orb.
     0 | D:1      | Chiseanne set off with the following items: a +0 club, a
                  | scroll of fear, a +0 robe, a scroll of teleportation; and
                  | the following spells available to memorise: Necrotise, Kiss
                  | of Death, Summon Small Mammal, Call Canine Familiar,
                  | Anguish.
     0 | D:1      | Reached XP level 1. HP: 18/18 MP: 3/3
   184 | D:1      | Gained mutation: You have a small tail. [demonic ancestry]
   184 | D:1      | Reached XP level 2. HP: 24/24 MP: 5/5
   184 | D:1      | Quit the game

Illustrated notes

Levels and vault maps discovered:
D:1:      kennysheep_arrival_seaside, layout_basic

Action                     || total
---------------------------++-------
  Melee: Hand axe          ||    13
         Club              ||     2
   Stab: Sleeping          ||     1
 Armour: Robe              ||    13
  Dodge: Dodged            ||    15

Table legend: (Time is in decaauts)
 A = Elapsed time spent in this place.
 B = Non-inter-level travel time spent in this place.
 C = Inter-level travel time spent in this place.
 D = Time resting spent in this place.
 E = Time spent auto-exploring this place.
 F = Levels seen in this place.
 G = Mean time per level.
                   A        B        C        D        E       F      G
               +--------+--------+--------+--------+--------+-----+--------+
         Total |    188 |    188 |      0 |     58 |     65 |   1 |  188.0 |
       Dungeon |    188 |    188 |      0 |     58 |     65 |   1 |  188.0 |
               +--------+--------+--------+--------+--------+-----+--------+

Top non-repeatable levels by time:
     D:1: 188 daAuts
